 Dungeon Crawl Stone Soup version 0.21-a0-522-ga8338f0 (webtiles) character file.

115 KristoblXynda the Sneak (level 4, -1/21 HPs)
             Began as a Spriggan Enchanter on Dec 6, 2017.
             Slain by Crazy Yiuf
             ... wielding a +4 quarterstaff of chaos
              (13 damage)
             ... on level 2 of the Dungeon.
             The game lasted 00:04:54 (2752 turns).

KristoblXynda the Sneak (Spriggan Enchanter)        Turns: 2752, Time: 00:04:55

Health: -1/21      AC:  2    Str:  5    XL:     4   Next: 68%
Magic:  3/11       EV: 18    Int: 16    God:
Gold:   59         SH:  0    Dex: 16    Spells: 5/11 levels left

rFire    . . .     SeeInvis +   a - +1 dagger
rCold    . . .     Gourm    .   (shield restricted)
rNeg     . . .     Faith    .   b - +0 robe
rPois    .         Spirit   .   (helmet restricted)
rElec    .         Reflect  .   (no cloak)
rCorr    .         Harm     .   (gloves unavailable)
MR       .....                  (boots unavailable)
Stlth    +++.......             (no amulet)
HPRegen  0.07/turn              (no ring)
MPRegen  0.12/turn              (no ring)

@: lethally poisoned (-1 -> -11), very quick
A: very small, unfitting armour, see invisible, herbivore 3, speed 3, slow
metabolism 2
a: no special abilities


You were on level 2 of the Dungeon.
You were very hungry.

You visited 1 branch of the dungeon, and saw 2 of its levels.

You collected 59 gold pieces.

Inventory:

Hand Weapons
 a - a +1 dagger (weapon)
Armour
 b - a +0 robe (worn)
Scrolls
 e - 5 scrolls of identify {unknown}
 f - a scroll of random uselessness {unknown}
 g - 3 scrolls of teleportation {unknown}
 i - 3 scrolls of remove curse {unknown}
 k - a scroll of enchant armour {unknown}
 l - a scroll of enchant weapon {unknown}
 m - a scroll of magic mapping {unknown}
Books
 c - a book of Maledictions

   Spells                             Type                      Level
   a - Corona                         Hexes                        1
   b - Ensorcelled Hibernation        Hexes/Ice                    2
   c - Confuse                        Hexes                        3
   d - Tukima's Dance                 Hexes                        3
   e - Dazzling Spray                 Conjuration/Hexes            3
Comestibles
 d - 2 bread rations
 j - a royal jelly


   Skills:
 - Level 1.1 Short Blades
 - Level 3.0 Dodging
 + Level 6.1 Stealth
 + Level 4.1 Spellcasting
 + Level 4.8 Hexes


You had 5 spell levels left.
You knew the following spells:

 Your Spells              Type           Power        Failure   Level  Hunger
a - Corona                Hex            ###....      2%          1    None
b - Ensorcelled Hibernat  Hex/Ice        ##....       10%         2    ##.....
c - Confuse               Hex            ###.....     7%          3    ###....


Dungeon Overview and Level Annotations

Branches:
Dungeon (2/15)

Altars:

Annotations:
D:2 Crazy Yiuf, Natasha


Innate Abilities, Weirdness & Mutations

You are very small and have problems with some larger weapons.
You are too small for most types of armour.
You have supernaturally acute eyesight. (SInv)
You are a herbivore.
You cover ground extremely quickly.
You need consume almost no food.


Message History

Crazy Yiuf hits you with a quarterstaff of chaos.
You are poisoned.
You catch the helpless Crazy Yiuf completely off-guard!
You puncture Crazy Yiuf!
Crazy Yiuf is almost dead.
You feel sick.
Crazy Yiuf barely misses the white imp.
Unknown command.
You aren't carrying any potions.
Unknown command.
You completely miss Crazy Yiuf.
Crazy Yiuf is almost dead.
You feel sick.
Crazy Yiuf hits the white imp with a quarterstaff of chaos.
The white imp is killed!
You hit Crazy Yiuf.
Crazy Yiuf is almost dead.
You feel sick.
Natasha seems less confused.
Crazy Yiuf hits you with a quarterstaff of chaos!
Ouch! That really hurt!
You die...

......##.....#
#..........#
...[..######.#
#..........# ####.## ###
############ ####.#
...#.## %..#..# ####♣♣
##### ...##.###..#.♣♣
♣♣#..)#
...##..#......♣♣♣♣.h...#
...............♣@g♣#...#
.........#.#..♣.♣♣♣#####
.........###♣♣♣♣♣
##.......#
#.......#######
#######.......#
##).....# ### #......#
..#######......#


You could see Crazy Yiuf (confused) and Natasha.

Vanquished Creatures
  Natasha (twice) (D:2)
  An adder (D:2)
  4 worms (D:2)
  5 dart slugs (D:1)
  A leopard gecko (D:2)
  4 giant cockroaches (D:2)
  3 goblins (D:1)
  5 hobgoblins
  A kobold (D:1)
  6 bats
  A frilled lizard (D:2)
  6 rats
39 creatures vanquished.

Notes
Turn   | Place    | Note
-------+----------+-------------------------------------------
     0 | D:1      | KristoblXynda the Spriggan Enchanter began the quest for the Orb.
     0 | D:1      | Reached XP level 1. HP: 9/9 MP: 5/5
   193 | D:1      | Reached XP level 2. HP: 13/13 MP: 7/7
   455 | D:1      | Learned a level 2 spell: Ensorcelled Hibernation
   490 | D:1      | Reached skill level 5 in Stealth
  1351 | D:2      | Reached XP level 3. HP: 16/16 MP: 5/8
  1417 | D:2      | Learned a level 3 spell: Confuse
  1528 | D:2      | Noticed Natasha
  1535 | D:2      | Killed Natasha
  1763 | D:2      | Reached XP level 4. HP: 21/21 MP: 6/10
  1792 | D:2      | Noticed Natasha
  1810 | D:2      | Killed Natasha
  1810 | D:2      | Reached skill level 6 in Stealth
  2647 | D:2      | Found a runed door.
  2729 | D:2      | Noticed Natasha
  2729 | D:2      | Noticed Crazy Yiuf
  2752 | D:2      | Slain by Crazy Yiuf

Vault maps used:
D:1:      dpeg_arrival_three_same_balls
D:2:      first_bread, uniq_natasha, uniq_crazy_yiuf_cottage

Skill      XL: |  1  2  3  4 |
---------------+-------------+-----
Spellcasting   | 3 4 |  4.1
Hexes          | 4 |  4.8
Stealth        | 5 6 |  6.1
Short Blades   | |  1.1
Dodging        | |  3.0

Action                   |  1- 3 |  4- 6 || total
-------------------------+-------+-------++-------
Melee: Dagger            |    81 |    70 ||   151
 Cast: Ensorcelled Hiber |    22 |    16 ||    38
       Confuse           |       |     7 ||     7
 Stab: Sleeping          |    23 |     5 ||    28
       Confused          |       |     3 ||     3
  Eat: Fruit             |       |     1 ||     1
Armor: Robe              |     8 |     2 ||    10
Dodge: Dodged            |    46 |    40 ||    86

Table legend:
 A = Spawn XP
 B = Non-spawn XP
 C = Spawn XP percentage of total XP
 D = Spawn monster count
 E = Non-spawn monster count
 F = Spawn count percentage of total count
 G = Total turns spent on level
                    A         B        C        D         E        F      G
               +---------+---------+-------+---------+---------+-------+---------
         Total |       0 |     165 |   0.0 |       0 |      39 |   0.0 |  2752
               +---------+---------+-------+---------+---------+-------+---------
           D:1 |       0 |      37 |   0.0 |       0 |      16 |   0.0 |  1502
           D:2 |       0 |     128 |   0.0 |       0 |      23 |   0.0 |  1250
               +---------+---------+-------+---------+---------+-------+---------
